 Dungeon Crawl Stone Soup version 0.27.1 (webtiles) character file.

Game seed: 1526943539039179076

140 bakman329 the Cudgeller (level 5, -6/45 HPs)
             Began as a Minotaur Berserker on Aug 27, 2021.
             Was a Believer of Trog.
             Mangled by a killer bee (8 damage)
             ... on level 3 of the Dungeon.
             The game lasted 00:06:15 (2817 turns).

bakman329 the Cudgeller (Minotaur Berserker)        Turns: 2817, Time: 00:06:16

Health: -6/45      AC:  8    Str: 22    XL:     5   Next: 2%
Magic:  4/4        EV:  8    Int:  4    God:    Trog [**....]
Gold:   94         SH:  0    Dex: 10    Spells: 4/4 levels left

rFire    + . .     SeeInvis .   a - +0 mace (freeze)
rCold    x . .     Faith    .   (no shield)
rNeg     . . .     Spirit   .   i - +0 chain mail
rPois    .         Reflect  .   (helmet restricted)
rElec    .         Harm     .   (no cloak)
rCorr    .         Rampage  .   (no gloves)
Will     .....                  (no boots)
Stlth    ..........             (no amulet)
HPRegen  0.15/turn              f - ring of fire {rF+, rC-}
MPRegen  0.09/turn              (no ring)

@: confused, lethally poisoned (-6 -> -25), ambrosia-drunk
A: horns 2, retaliatory headbutt
a: Renounce Religion, Berserk, Trog's Hand


You were on level 3 of the Dungeon.
You worshipped Trog.
Trog was pleased with you.
You visited 1 branch of the dungeon, and saw 4 of its levels.

You collected 94 gold pieces.

Inventory:

Hand Weapons
 a - a +0 mace of freezing (weapon)
Missiles
 c - 9 bolts
 d - 8 poisoned darts
 e - 19 arrows
 s - 36 stones (quivered)
Armour
 i - a +0 chain mail (worn)
   (You found it on level 1 of the Dungeon)
Jewellery
 f - a ring of fire (left hand) {rF+, rC-}
   (You found it on level 2 of the Dungeon)
Potions
 h - a potion of curing {@q1}
 k - a potion of heal wounds {unknown}
 L - 3 potions of flight


   Skills:
 - Level 3.6 Fighting
 + Level 6.9 Maces & Flails
 - Level 2.4 Armour
 - Level 2.1 Dodging


You had 4 spell levels left.
You didn't know any spells.
Your spell library was empty.

Dungeon Overview and Level Annotations

Branches:
Dungeon (4/15)
 Temple: D:4-7

Altars:

Annotations:
D:3 1 runed translucent door, Crazy Yiuf


Innate Abilities, Weirdness & Mutations

You have a pair of horns on your head.
You reflexively headbutt those who attack you in melee.


Message History

s - 11 stones (gained 1)
s - 12 stones (gained 1)
s - 13 stones (gained 1)
Found a stone staircase leading down.
A goblin comes into view. It is wielding a +0 club.
The goblin shouts!
You see here 24 stones.
A goblin is nearby!
You throw a stone. The stone barely misses the goblin.
You throw a stone. The stone closely misses the goblin.
You throw a stone. The stone misses the goblin.
You throw a stone.
The stone hits the goblin but does no damage.
You barely miss the goblin. The goblin hits you but does no damage.
Your chain mail prevents you from hitting the goblin.
You headbutt the goblin.
You kill the goblin!
Trog accepts your kill.
No target in view!
No target in view!
s - 33 stones (gained 24)
You see here a +0 club.
s - 34 stones (gained 1)
s - 37 stones (gained 3)
You open the door.
There is an open door here.
Crazy Yiuf shouts!
Could not explore, unopened runed door.
Could not explore, unopened runed door.
Could not explore, unopened runed door.
No reachable target in view!
No reachable target in view!
No reachable target in view!
There is a stone staircase leading down here.
Okay, then.
You feel more attuned to fire.
f - a ring of fire (left hand) {rF+, rC-}
As you read the scroll labelled HEELI UJERA, it crumbles to dust.
It is a scroll of brand weapon.
Your +0 mace is covered with a thin layer of ice!
a - a +0 mace of freezing (weapon)
As you read the scroll labelled HOUFIHU DAZAOMIE, it crumbles to dust.
You feel strangely unstable.
It was a scroll of teleportation.
As you read the scroll labelled JYBLUJEAKLI, it crumbles to dust.
You assume a fearsome visage.
Nothing appears to happen.
It was a scroll of fear.
As you read the scroll of identify {@r1}, it crumbles to dust.
j - a potion of ambrosia;
G - a potion of ambrosia Your surroundings suddenly seem different.
There is a stone staircase leading down here.
You climb downwards.
The orc shouts!
The killer bee buzzes angrily. x5
Found a stone staircase leading up.
There is a stone staircase leading up here.
You throw a stone.
The stone hits the killer bee but does no damage.
You closely miss the killer bee.
The killer bee stings you but does no damage.
The killer bee barely misses you.
The killer bee stings you but does no damage.
The killer bee barely misses you.
You miss the killer bee. The killer bee barely misses you.
The killer bee stings you! The killer bee barely misses you.
You furiously retaliate!
You headbutt the killer bee!
The killer bee stings you but does no damage. x2
The killer bee stings you.
You are poisoned.
The killer bee poisons you!
The killer bee stings you but does no damage. x2
You take 9 damage, and have 36/45 hp.
You feel sick.
The killer bee stings you but does no damage.
The killer bee stings you.
You are more poisoned.
The killer bee poisons you! The killer bee stings you.
You are more poisoned.
The killer bee poisons you!
The killer bee stings you but does no damage.
The killer bee stings you! The killer bee stings you.
You are more poisoned.
The killer bee poisons you! The killer bee stings you.
You are more poisoned.
The killer bee poisons you! The killer bee barely misses you. x2
You climb upwards.
Level annotation: 1 runed translucent door, Crazy Yiuf
* * * LOW HITPOINT WARNING * * *
You feel extremely sick.
There is a stone staircase leading down here.
You take 31 damage, and have 5/45 hp.
MASSIVE DAMAGE!!
Really quaff
G - a potion of ambrosia {!q}?
You are confused.
You feel invigorated.
* * * LOW HITPOINT WARNING * * *
You feel very sick. The killer bee barely misses you.
The killer bee closely misses you.
The killer bee stings you but does no damage.
The killer bee stings you!
You die...

#.# #.# #.#........##....#
#.# #.# #.#.###....##....#
#.# #.####.#.# #....##....#
#.# #......#.# #.....####.#
#.# #....###.# #.....# #.#
#.# #....# #.# #.....####.#
#.# #....# #.# #..:.......#
#.###########.###.....####.#
#.........y@y..............#
####......yyy..............#
#..#.####################..#
#..#.# ############# #.<#
######).#.#####...........#
#..#
#.......#.....#.#########.#
#..# #.#####.#####.#.# #.#
#... #.# #.#<..#.#.# #.#
#... #.# #|#...#.#.# #.#
#...


You could see 5 killer bees.

Vanquished Creatures
  An iguana (D:3)
  An orc wizard (D:3)
  An adder (D:3)
  A dart slug (D:1)
  2 orcs (D:3)
  7 endoplasms
  6 giant cockroaches
  6 hobgoblins
  4 jackals (D:3)
  6 kobolds
  4 quokkas
  6 ball pythons
  5 bats
  6 frilled lizards
  8 goblins
  4 rats
68 creatures vanquished.

Vanquished Creatures (others)
  2 fungi (D:2)
  3 plants (D:2)
5 creatures vanquished.

Grand Total: 73 creatures vanquished

Notes
Turn   | Place    | Note
-------+----------+-------------------------------------------
     0 | D:1      | bakman329 the Minotaur Berserker began the quest for the
                  | Orb.
     0 | D:1      | Reached XP level 1. HP: 19/19 MP: 0/0
    59 | D:1      | Reached skill level 4 in Maces & Flails
   125 | D:1      | Reached XP level 2. HP: 26/26 MP: 1/1
   356 | D:1      | Reached skill level 5 in Maces & Flails
   569 | D:1      | Reached XP level 3. HP: 31/31 MP: 2/2
  1022 | D:2      | Reached ** piety under Trog
  1519 | D:2      | Found a faded altar of an unknown god.
  2105 | D:3      | Reached XP level 4. HP: 33/39 MP: 3/3
  2107 | D:3      | Reached skill level 6 in Maces & Flails
  2633 | D:3      | Reached XP level 5. HP: 38/45 MP: 4/4
  2771 | D:3      | Found a runed translucent door.
  2772 | D:3      | Noticed Crazy Yiuf
  2816 | D:3      | HP: 5/45 [poisoned by a killer bee]
  2817 | D:3      | HP: 2/45 [poisoned by a killer bee]
  2817 | D:3      | Mangled by a killer bee

Illustrated notes

Levels and vault maps discovered:
D:1:      erik_arrival_triangle_small, layout_basic, minmay_misc_feat_enclosed
D:2:      layout_loops_ring, dreamdust_ecumenical_altar_hidden_monk_grotto
D:3:      layout_basic, uniq_crazy_yiuf_cottage
D:4:      layout_loops_corners, kennysheep_orc_sif_temple,
          general_overflow_altar, minmay_small_thing

Skill      XL: |  1  2  3  4 |
---------------+-------------+-----
Maces & Flails | 4 5 6 |  6.9
Fighting       | |  3.6
Armour         | |  2.4
Dodging        | |  2.1

Action                   |  1- 3 |  4- 6 || total
-------------------------+-------+-------++-------
Melee: Mace              |   110 |    48 ||   158
       Headbutt          |    14 |     8 ||    22
Throw: Stone             |    28 |    30 ||    58
       Javelin           |     3 |       ||     3
  Use: Scroll            |     5 |     4 ||     9
       Potion            |       |     1 ||     1
Armor: Animal skin       |     3 |       ||     3
       Chain mail        |    63 |    36 ||    99
Dodge: Dodged            |    47 |    17 ||    64

Table legend: (Time is in decaauts)
 A = Elapsed time spent in this place.
 B = Non-inter-level travel time spent in this place.
 C = Inter-level travel time spent in this place.
 D = Time resting spent in this place.
 E = Time spent auto-exploring this place.
 F = Levels seen in this place.
 G = Mean time per level.
                   A        B        C        D        E       F      G
               +--------+--------+--------+--------+--------+-----+--------+
         Total |   2843 |   2760 |     83 |      0 |   2249 |   4 |  710.8 |
       Dungeon |   2843 |   2760 |     83 |      0 |   2249 |   4 |  710.8 |
               +--------+--------+--------+--------+--------+-----+--------+

Top non-repeatable levels by time:
     D:2: 987 daAuts
     D:1: 967 daAuts
     D:3: 883 daAuts
     D:4: 4 daAuts

Table legend:
 A = Kills in this place as a percentage of kills in entire the game.
 B = Kills by you in this place as a percentage of kills by you in the entire game.
 C = Kills by friends in this place as a percentage of kills by friends in the entire game.
 D = Other kills in this place as a percentage of other kills in the entire game.
 E = Experience gained in this place as a percentage of experience gained in the entire game.
 F = Experience gained in this place divided by the number of levels of this place that you have seen.
                   A       B       C       D       E      F
               +-------+-------+-------+-------+-------+----------------------
         Total | 100.0 | 100.0 |   N/A |   N/A | 100.0 |  50.0
       Dungeon | 100.0 | 100.0 |   N/A |   N/A | 100.0 |  50.0
               +-------+-------+-------+-------+-------+----------------------
